 Dungeon Crawl Stone Soup version 0.23-a0-370-gf497b7c (webtiles) character file.

941 nikopol the Magician (level 7, 0/36 HPs)
             Began as a Deep Elf Fire Elementalist on Oct 24, 2018.
             Splashed by Ijyb's acid (16 damage)
             ... on level 4 of the Dungeon.
             The game lasted 00:10:00 (4449 turns).

nikopol the Magician (Deep Elf Fire Elementalist)   Turns: 4449, Time: 00:10:00

Health: 0/36       AC:  2    Str:  5    XL:     7   Next: 88%
Magic:  17/19      EV: 13    Int: 22    God:
Gold:   98         SH:  0    Dex: 15    Spells: 5/20 levels left

rFire    . . .     SeeInvis .   (no weapon)
rCold    . . .     Gourm    .   (no shield)
rNeg     . . .     Faith    .   a - +0 robe
rPois    .         Spirit   .   (no helmet)
rElec    .         Reflect  .   (no cloak)
rCorr    .         Harm     .   (no gloves)
MR       .....                  (no boots)
Stlth    ++........             (no amulet)
HPRegen  0.12/turn              (no ring)
MPRegen  0.16/turn              (no ring)

@: no status effects
A: no striking features
a: no special abilities


You were on level 4 of the Dungeon.
You were not hungry.

You visited 1 branch of the dungeon, and saw 4 of its levels.

You collected 98 gold pieces.

Inventory:

Armour
 a - a +0 robe (worn)
Jewellery
 b - an uncursed ring of resist corrosion {unknown}
Scrolls
 g - a scroll of amnesia {unknown}
 h - a scroll of teleportation {unknown}
 k - 2 scrolls of remove curse {unknown}
 l - a scroll of identify {unknown}
 m - a scroll of immolation {unknown}
 p - a scroll of noise {unknown}
 r - a scroll of enchant weapon {unknown}
 t - a scroll of enchant armour {unknown}
 v - a scroll of blinking {unknown}
Potions
 d - a potion of berserk rage {unknown}
 e - 3 potions of agility
 f - a potion of magic {unknown}
 i - a potion of mutation {unknown}
 j - a potion of ambrosia {unknown}
 n - a potion of resistance {unknown}
 o - a potion of degeneration {unknown}
 q - a potion of flight {unknown}
 s - a potion of brilliance {unknown}
 u - a potion of curing {unknown}
 w - 2 potions of haste {unknown}
Comestibles
 c - 9 rations
 x - 2 chunks of flesh


   Skills:
 + Level 0.2 Fighting
 + Level 3.3 Dodging
 + Level 3.2 Stealth
 + Level 7.0 Spellcasting
 + Level 5.5 Conjurations
 + Level 6.3 Fire Magic


You had 5 spell levels left.
You knew the following spells:

 Your Spells              Type           Power        Failure   Level  Hunger
a - Flame Tongue          Conj/Fire      ####.        1%          1    None
b - Throw Flame           Conj/Fire      ####..       1%          2    None
c - Conjure Flame         Conj/Fire      ####....     2%          3    None
d - Sticky Flame          Conj/Fire      ####....     7%          4    ###....
e - Fireball              Conj/Fire      ####......   21%         5    #####..

Your spell library contained the following spells:

 Spells                   Type           Power        Failure   Level  Hunger
 Inner Flame              Hex/Fire       ###.....     7%          3    None


Dungeon Overview and Level Annotations

Branches:
Dungeon (4/15)
 Temple: D:4-7

Altars:
Kikubaaqudgha
Ru

Annotations:
D:4 Ijyb


Message History

Ijyb is too close now for your liking.
Casting: Flame Tongue (safe; 1% risk of failure)
Confirm with . or Enter, or press ? or * to list all spells.
Aiming: Flame Tongue (safe; 1% risk of failure)
Press: ? - help, Shift-Dir - straight line, f - Ijyb
Aim: Ijyb, wielding a long sword, wearing a +0 leather armour and carrying a The flame tongue hits Ijyb.
Ijyb is lightly wounded.
Ijyb shouts!
Casting: Flame Tongue (safe; 1% risk of failure)
Confirm with . or Enter, or press ? or * to list all spells.
Aiming: Flame Tongue (safe; 1% risk of failure)
Press: ? - help, Shift-Dir - straight line, f/p - Ijyb
Aim: Ijyb, wielding a long sword, wearing a +0 leather armour and carrying a The flame tongue hits Ijyb.
Ijyb is heavily wounded.
Ijyb zaps a wand.
The bolt of acid hits you!
Ouch! That really hurt!
You are splashed with acid!
The acid burns!
You die...

#.##.#######.########
##...#.#.......# ...............#
... #.............# #..#
#.............# ##..#
#.............######## ...#
#....................# #..#
###.......g...######.# #
#..###.....@.##.####
#.###..##.....##.##.########
##.....).......##.##.........
........##........###############
######.####....................<.
..........#####.##########.#####.
######.##.# #)# #.# #. #.##.# #.#
#.# #. ######.##.#####.# #.# #.


You could see Ijyb.

Vanquished Creatures
  An ice beast (D:4)
  2 ogres (D:4)
  2 howler monkeys (D:4)
  A centaur zombie (D:3)
  A hound (D:4)
  4 orc wizards
  A centaur skeleton (D:3)
  Jessica (D:3)
  An iguana (D:4)
  Natasha (thrice) (D:4)
  3 worker ants
  A hound skeleton (D:3)
  A howler monkey zombie (D:3)
  3 gnolls (D:3)
  6 adders
  A howler monkey skeleton (D:4)
  An adder zombie (D:3)
  2 adder skeletons
  2 worms
  2 dart slugs (D:1)
  2 leopard geckos
  9 orcs
  A giant cockroach (D:4)
  8 goblins
  11 hobgoblins
  7 kobolds
  A quokka (D:4)
  A ball python (D:4)
  A ball python zombie (D:3)
  4 bats (D:1)
  3 frilled lizards
  A giant cockroach zombie (D:3)
  A leopard gecko skeleton (D:3)
  A quokka skeleton (D:4)
  4 rats
94 creatures vanquished.

Notes
Turn   | Place    | Note
-------+----------+-------------------------------------------
     0 | D:1      | nikopol the Deep Elf Fire Elementalist began the quest for
                  | the Orb.
     0 | D:1      | Reached XP level 1. HP: 10/10 MP: 6/6
   391 | D:1      | Reached XP level 2. HP: 15/15 MP: 2/8
   869 | D:2      | Reached XP level 3. HP: 19/19 MP: 3/9
   875 | D:2      | Learned a level 2 spell: Throw Flame
   879 | D:2      | Learned a level 3 spell: Conjure Flame
  1254 | D:2      | Reached XP level 4. HP: 24/24 MP: 8/11
  1892 | D:3      | Noticed Jessica
  1895 | D:3      | Killed Jessica
  2049 | D:3      | Reached XP level 5. HP: 21/28 MP: 5/12
  2245 | D:3      | Found a sacrificial altar of Ru.
  2329 | D:3      | Learned a level 4 spell: Sticky Flame
  2398 | D:3      | Reached skill level 4 in Spellcasting
  2744 | D:3      | Found an ancient bone altar of Kikubaaqudgha.
  2810 | D:3      | Reached skill level 5 in Fire Magic
  2824 | D:3      | Reached XP level 6. HP: 32/32 MP: 6/15
  3168 | D:4      | Noticed Ijyb
  3181 | D:4      | Reached skill level 5 in Spellcasting
  3325 | D:4      | Noticed Natasha
  3328 | D:4      | Killed Natasha
  3546 | D:4      | Reached XP level 7. HP: 8/36 MP: 8/17
  3769 | D:4      | Noticed Natasha
  3772 | D:4      | Learned a level 5 spell: Fireball
  3777 | D:4      | Killed Natasha
  3792 | D:4      | Reached skill level 6 in Spellcasting
  3922 | D:4      | Reached skill level 5 in Conjurations
  4167 | D:4      | Noticed Natasha
  4172 | D:4      | Killed Natasha
  4352 | D:4      | Reached skill level 7 in Spellcasting
  4449 | D:4      | Splashed by Ijyb's acid

Vault maps used:
D:1:      ebering_hopf_link, st_stairs_14
D:2:      kennysheep_big_flooded_room, chequers_serial_rivers_micro_d,
          minmay_statues_item
D:3:      kiku_gazebo_garden_becter, lemuel_coloured_pillars_altar,
          serial_undead, serial_undead_a, serial_undead_b, serial_undead_e,
          serial_undead_b, serial_undead_a, serial_undead_a, uniq_jessica
D:4:      first_ration, uniq_ijyb, uniq_natasha

Skill      XL: |  1  2  3  4  5  6  7 |
---------------+----------------------+-----
Dodging        | 3 |  3.3
Fire Magic     | 4 5 6 |  6.3
Conjurations   | 2 3 4 5 |  5.5
Spellcasting   | 4 5 7 |  7.0
Stealth        | 3 |  3.2
Fighting       | |  0.2

Action                   |  1- 3 |  4- 6 |  7- 9 || total
-------------------------+-------+-------+-------++-------
 Cast: Flame Tongue      |    54 |    84 |    31 ||   169
       Throw Flame       |       |     7 |     3 ||    10
       Sticky Flame      |       |     7 |     8 ||    15
       Conjure Flame     |       |     2 |     1 ||     3
  Eat: Chunk             |     1 |     6 |     6 ||    13
Armor: Robe              |     1 |     2 |     1 ||     4
Dodge: Dodged            |    12 |    31 |     4 ||    47

Table legend:
 A = Non-vault XP
 B = Vault XP
 C = Vault XP percentage of total XP
 D = Non-vault monster count
 E = Vault monster count
 F = Vault count percentage of total count
                 A         B        C        D         E       F
            +---------+---------+-------+---------+---------+-------
      Total |    1117 |     228 |  17.0 |      80 |      14 |  14.9
            +---------+---------+-------+---------+---------+-------
        D:1 |      36 |       2 |   5.3 |      19 |       1 |   5.0
        D:2 |      55 |      17 |  23.6 |      11 |       2 |  15.4
        D:3 |     164 |     174 |  51.5 |      22 |      10 |  31.2
        D:4 |     862 |      35 |   3.9 |      28 |       1 |   3.4
            +---------+---------+-------+---------+---------+-------
